 Dungeon Crawl Stone Soup version 0.28.0-49-g6dfe1f597d (webtiles) character file.

Game seed: 6054182191174926356

65 Gabide the Poker (level 4, -32/35 HPs)
             Began as a Human Monk on May 13, 2022.
             Killed by an exploding jackal (34 damage)
             ... ignited by their inner flame
             ... on level 3 of the Dungeon.
             The game lasted 00:09:11 (2883 turns).

Gabide the Poker (Human Monk)                       Turns: 2883, Time: 00:09:12

Health: -32/35     AC:  6    Str: 12 (14) XL:     4   Next: 35%
Magic:  4/4        EV: 11    Int:  8 (10) God:
Gold:   113        SH:  0    Dex: 14 (15) Spells: 3/3 levels left

rFire   . . .      SeeInvis .   h - +0 trident
rCold   . . .      Faith    .   (no shield)
rNeg    . . .      Spirit   .   m - +1 ring mail
rPois   .          Reflect  .   (no helmet)
rElec   .          Harm     .   (no cloak)
rCorr   .          Rampage  .   (no gloves)
Will    .....                   (no boots)
Stlth   +.........              (no amulet)
HPRegen 0.11/turn               (no ring)
MPRegen 0.09/turn               (no ring)

@: no status effects
A: no striking features
a: no special abilities


You were on level 3 of the Dungeon.
You visited 1 branch of the dungeon, and saw 3 of its levels.

You collected 113 gold pieces.

Inventory:

Hand Weapons
 h - a +0 trident (weapon)
Armour
 m - a +1 ring mail (worn)
Scrolls
 b - a scroll of holy word
 f - a scroll of fog
Potions
 a - a potion of flight


   Skills:
 - Level 3.0 Fighting
 + Level 3.7 Polearms
 * Level 2.6 Armour
 - Level 3.0 Dodging
 - Level 2.0 Stealth


You had 3 spell levels left.
You didn't know any spells.
Your spell library contained the following spells:

 Spells                   Type           Power      Damage    Failure   Level
 Foxfire                  Conj/Fire      0%         2x1d4     67%         1
 Freeze                   Ice            0%         1d3       67%         1
 Conjure Flame            Conj/Fire      0%         6-21      96%         3
 Frozen Ramparts          Ice            0%         1d2       96%         3
 Inner Flame              Hex/Fire       0%         N/A       96%         3
 Flame Wave               Conj/Fire      0%         2d4       100%        4
 Hailstorm                Conj/Ice       0%         3d3       100%        4


Dungeon Overview and Level Annotations

Branches:
Dungeon (3/15)

Altars:


Message History

* * * LOW HITPOINT WARNING * * *
As you read the scroll labelled VIXKOLLYPU, it crumbles to dust.
It is a scroll of enchant armour.
Your +0 ring mail glows green for a moment.
The jackal bites you.
* * * LOW HITPOINT WARNING * * *
The jackal misses you.
The jackal bites you but does no damage.
The jackal closely misses you.
The jackal bites you but does no damage.
The jackal misses you. The jackal misses you.
The jackal bites you but does no damage.
The jackal closely misses you.
As you read the scroll labelled QOYMEG AROR, it crumbles to dust.
The creatures around you are filled with an inner flame!
It was a scroll of immolation.
The jackal bites you but does no damage.
Okay, then.
As you read the scroll labelled ILULOITYDA, it crumbles to dust.
You feel aware of your surroundings.
It was a scroll of magic mapping.
The jackal closely misses you. The jackal completely misses you.
The jackal bites you.
* * * LOW HITPOINT WARNING * * *
The jackal barely misses you.
You miss the jackal.
The jackal is moderately wounded.
The jackal bites you.
* * * LOW HITPOINT WARNING * * *
The jackal barely misses you.
You barely miss the jackal.
The jackal is moderately wounded.
The jackal bites you.
* * * LOW HITPOINT WARNING * * *
The jackal bites you but does no damage.
You puncture the jackal!
The jackal explodes!
The fiery explosion engulfs you!!
Ouch! That really hurt!
You die...

*
#.#§§≈.§§≈#.#
*
#.#≈≈§.§≈≈#.#
*
#.#≈≈.≈.≈§#.#
*
#.'..§≈≈..§.#
*
###≈≈.§.§≈#.#
#§≈≈§§≈≈#g#
#≈≈§§≈≈≈#.#
####+####.#
#@§g...#
########


You could see a gnoll (inner flame).

Vanquished Creatures
  A gnoll (D:3)
  2 adders
  A worm (D:2)
  A dart slug (D:1)
  3 ball pythons
  An endoplasm (D:1)
  3 giant cockroaches
  5 hobgoblins
  2 jackals (D:3)
  A quokka (D:1)
  4 frilled lizards
  6 kobolds
  5 rats
35 creatures vanquished.

Notes
Turn   | Place    | Note
-------+----------+-------------------------------------------
     0 | D:1      | Gabide the Human Monk began the quest for the Orb.
     0 | D:1      | Reached XP level 1. HP: 18/18 MP: 1/1
   534 | D:1      | Reached XP level 2. HP: 24/24 MP: 2/2
   563 | D:1      | Found a faded altar of an unknown god.
  1124 | D:2      | Reached skill level 1 in Armour
  1516 | D:1      | Reached XP level 3. HP: 14/29 MP: 3/3
  2604 | D:2      | Reached XP level 4. HP: 28/35 MP: 4/4
  2883 | D:3      | Killed by an exploding jackal... ignited by their inner
                  | flame

Illustrated notes

Levels and vault maps discovered:
D:1:      dpeg_arrival_boxorama, layout_basic,
          ebering_ecumenical_altar_sacrificial
D:2:      layout_basic, kennysheep_potato
D:3:      layout_rooms, kennysheep_generic_room_9

Skill      XL: |  1  2  3 |
---------------+----------+-----
Armour         | 1 2 |  2.6
Fighting       | |  3.0
Polearms       | |  3.7
Dodging        | |  3.0
Stealth        | |  2.0

Action                   |  1- 3 |  4- 6 || total
-------------------------+-------+-------++-------
Melee: Spear             |    74 |       ||    74
       Punch             |     2 |       ||     2
       Trident           |    40 |    32 ||    72
  Use: Scroll            |     4 |     6 ||    10
       Potion            |     1 |     2 ||     3
 Stab: Sleeping          |     4 |       ||     4
Armor: Leather armour    |     6 |       ||     6
       Ring mail         |     9 |    11 ||    20
Dodge: Dodged            |    68 |    28 ||    96
